Map: Orbital Shipyard

Players

Bop - Winner!

  • Race: Zerg Zerg

boubi

  • Race: Zerg Zerg

VOD

Have the link to the VOD?

Description

Time

  • Played on: May 2, 2015, 4:25 a.m.
  • Length: 22:06
Show
View Real Time Build Order
Export as new Build Order

Bop Zerg - Winner!

Build Orders: Hatch First, Lurkers 

Get SALT Encoding   

  12  0:01  Drone  
  13  0:12  Overlord  
  13  0:20  Drone  
  14  0:31  Drone x2  
  16  0:36  Drone  
  17  0:53  Hatchery  
  17  0:57  Drone  
  17  1:09  Spawning Pool  
  16  1:12  Extractor  
  16  1:14  Drone  
  16  1:17  Drone  
  17  1:22  Drone  
  18  1:37  Drone  
  19  1:46  Drone  
  20  1:55  Queen  
  22  2:05  Queen  
  22  2:06  Zergling x6  
  27  2:13  Metabolic Boost  
  27  2:17  Overlord  
  27  2:23  Drone  
  28  2:34  Queen  
  30  2:39  Drone x4  
  34  2:48  Overlord  
  34  2:53  Lair  
  34  2:55  Drone x2  
  36  3:10  Baneling Nest  
  34  3:14  Drone x5  
  34  3:18  Overlord  
  39  3:21  Drone  
  39  3:22  Drone  
  41  3:30  Drone x3  
  43  3:35  Overlord  
  43  3:43  Drone x3  
  46  3:50  Extractor  
  46  3:51  Extractor  
  46  3:52  Drone x2  
  46  3:53  Hydralisk Den  
  45  3:58  Drone  
  45  3:59  Drone x2  
  45  4:00  Drone x3  
  51  4:04  Overlord x2  
  51  4:13  Extractor  
  51  4:14  Drone  
  51  4:16  Lurker Den  
  51  4:25  Queen  
  51  4:26  Queen  
  55  4:39  Drone  
  55  4:41  Zergling x2  
  55  4:42  Zergling x10  
  62  4:48  Overlord  
  62  4:52  Hatchery  
  61  4:55  Overseer  
  61  4:56  Overseer  
  61  4:58  Overseer  
  60  5:01  Hydralisk x3  
  66  5:10  Hydralisk x2  
  70  5:16  Hydralisk  
  72  5:33  Hydralisk x4  
  80  5:47  Overlord x3  
  80  5:53  Evolution Chamber  
  79  6:02  Lurker x3  
  80  6:09  Drone x7  
  80  6:10  Drone  
  85  6:19  Lurker  
  85  6:20  Overlord x2  
  85  6:23  Drone x5  
  85  6:24  Drone x4  
  94  6:26  Extractor  
  93  6:35  Extractor  
  93  6:38  Drone x4  
  96  6:40  Spore Crawler  
  96  6:46  Zergling x2  
  96  6:47  Zergling x2  
  96  6:52  Lurker x4  
  101  6:57  Overlord x2  
  101  7:02  Queen x2  
  101  7:03  Infestation Pit  
  104  7:29  Hydralisk x9  
  121  7:40  Drone x3  
  121  7:41  Drone x6  
  127  7:45  Hydralisk  
  127  7:46  Hydralisk  
  123  7:52  Hive  
  109  8:14  Lurker x3  
  112  8:20  Drone x9  
  121  8:38  Drone x3  
  124  8:48  Zerg Melee Weapons Level 1  
  124  8:51  Evolution Chamber  
  123  8:58  Overseer  
  123  8:59  Overseer  
  123  9:01  Overseer  
  123  9:04  Hydralisk x2  
  123  9:05  Hydralisk x7  
  123  9:07  Lurker  
  123  9:09  Queen  
  144  9:14  Hatchery  
  136  9:28  Zergling x22  
  136  9:29  Zergling x2  
  145  9:34  Hydralisk Den  
  136  9:39  Zergling x8  
  136  9:40  Ultralisk Cavern  
  128  10:03  Lair  
  128  10:18  Hatchery  
  128  10:20  Overlord  
  127  10:28  Hatchery  
  126  10:47  Ultralisk, Lurker Den  
  126  10:48  Ultralisk x2  
  143  10:52  Overlord x2  
  143  10:56  Overlord  
  139  11:04  Overlord x3  
  133  11:11  Overlord  
  133  11:15  Extractor  
  131  11:21  Extractor  
  130  11:27  Extractor  
  130  11:28  Drone x3  
  130  11:30  Ultralisk  
  138  11:33  Chitinous Plating  
  138  11:48  Drone x3  
  138  11:49  Drone x3  
  138  11:52  Overseer  
  133  12:10  Zerg Melee Weapons Level 2  
  107  12:22  Overseer  
  82  12:28  Drone x4  
  82  12:29  Drone x2  
  87  12:53  Overseer  
  87  13:02  Hydralisk x3  
  93  13:28  Lurker x3  
  93  13:33  Ultralisk x2  
  108  13:39  Drone x2  
  110  13:43  Zergling x4  
  100  14:07  Hydralisk x5  
  98  14:34  Hatchery  
  98  14:35  Ultralisk  
  103  14:42  Lurker x4  
  103  14:43  Lurker  
  108  14:51  Hydralisk  
  108  14:52  Hydralisk  
  110  15:06  Drone x3  
  110  15:07  Drone x4  
  117  15:18  Hive  
  117  15:31  Lurker x2  
  119  15:38  Drone x8  
  127  16:01  Ultralisk  
  133  16:13  Extractor  
  133  16:14  Extractor  
  131  16:22  Overseer  
  131  16:38  Ultralisk  
  131  16:39  Ultralisk x3  
  155  16:42  Zerg Ground Armor Level 1  
  143  17:03  Zergling x22  
  145  17:12  Zergling x10  
  118  17:35  Zergling x26  
  106  17:44  Zergling x22  
  106  17:45  Zergling x2  
  97  18:12  Ultralisk x2  
  91  18:25  Drone x9  
  97  18:36  Ultralisk  
  94  18:58  Drone x7  
  101  19:05  Overseer  
  87  19:31  Ultralisk  
  87  19:32  Ultralisk  
  99  19:52  Hatchery  
  95  20:13  Hydralisk x7  
  95  20:14  Hydralisk  
  111  20:26  Zergling x2  
  90  21:00  Zergling x4  
  90  21:01  Zergling x26  
  89  21:30  Zergling x2  
  89  21:31  Zergling x10  
  66  21:38  Zergling x6  
Show
View Real Time Build Order
Export as new Build Order

boubi Zerg 

Build Orders: Pool First, Lurkers, Roach Nydus 

Get SALT Encoding   

  12  0:01  Drone  
  13  0:12  Overlord  
  13  0:20  Drone  
  14  0:31  Drone x2  
  16  0:41  Spawning Pool  
  15  0:44  Drone  
  16  1:07  Hatchery  
  15  1:15  Drone  
  15  1:18  Drone  
  17  1:28  Queen  
  17  1:29  Zergling x2  
  17  1:31  Drone  
  21  1:34  Extractor  
  21  1:38  Drone  
  21  1:47  Overlord  
  21  1:58  Drone  
  22  2:08  Queen  
  22  2:11  Drone  
  25  2:19  Queen  
  25  2:20  Drone  
  25  2:21  Drone  
  29  2:31  Overlord  
  29  2:32  Drone  
  29  2:42  Drone  
  29  2:43  Drone  
  31  2:44  Drone  
  31  2:49  Drone x3  
  35  2:56  Drone  
  36  3:02  Drone  
  36  3:03  Drone  
  38  3:10  Drone  
  39  3:14  Overlord  
  39  3:19  Drone x2  
  41  3:21  Extractor  
  40  3:39  Evolution Chamber, Roach Warren  
  38  3:53  Lair, Overlord  
  38  3:55  Drone x4, Extractor  
  39  3:56  Drone x2  
  39  3:59  Drone x2  
  39  4:00  Drone x3  
  48  4:05  Zerg Missile Weapons Level 1  
  48  4:15  Drone x3, Extractor  
  50  4:23  Roach x3  
  56  4:32  Overlord x3  
  56  4:42  Overlord  
  56  4:45  Roach x2  
  60  5:00  Nydus Network  
  60  5:01  Drone  
  60  5:02  Drone x2  
  60  5:03  Nydus Network  
  60  5:07  Glial Reconstitution  
  61  5:15  Hatchery  
  61  5:16  Roach  
  61  5:17  Roach x4  
  70  5:22  Roach  
  70  5:23  Roach  
  74  5:29  Overlord  
  74  5:32  Burrow  
  74  5:38  Overseer  
  74  5:56  Overseer  
  74  6:01  Zerg Missile Weapons Level 2  
  74  6:02  Drone  
  74  6:03  Drone x4  
  79  6:09  Overlord  
  79  6:15  Drone x2  
  79  6:16  Drone  
  82  6:25  Drone x2  
  84  6:29  Drone  
  84  6:30  Overlord  
  84  6:32  Drone  
  86  6:35  Hydralisk Den  
  86  6:39  Extractor  
  84  6:41  Drone x8  
  84  6:42  Extractor  
  91  6:49  Overlord  
  91  6:51  Lurker Den  
  91  6:54  Overlord  
  91  6:57  Roach x4  
  91  6:59  Hatchery  
  98  7:02  Roach x4  
  98  7:07  Overlord x2  
  106  7:16  Nydus Canal  
  106  7:20  Nydus Canal  
  106  7:27  Roach x2  
  106  7:28  Roach x2  
  110  7:39  Roach x5  
  110  7:55  Nydus Canal  
  108  8:02  Hydralisk x6  
  108  8:03  Hydralisk x8  
  124  8:10  Nydus Canal  
  118  8:33  Overlord  
  115  8:34  Drone x7  
  115  8:35  Drone  
  120  8:42  Zerg Ground Armor Level 1  
  120  8:48  Nydus Canal  
  120  8:51  Hydralisk x9  
  120  8:54  Overlord  
  138  9:00  Nydus Canal  
  138  9:01  Drone x2  
  138  9:02  Drone  
  141  9:04  Extractor  
  141  9:06  Extractor  
  141  9:09  Overlord  
  139  9:11  Muscular Augments  
  107  9:47  Drone x5  
  107  9:48  Drone x2  
  108  9:59  Overlord  
  82  10:00  Hydralisk x6  
  82  10:01  Hydralisk x3  
  82  10:04  Spore Crawler  
  82  10:05  Spine Crawler  
  98  10:08  Drone  
  98  10:09  Hydralisk  
  98  10:10  Hydralisk x2  
  105  10:19  Nydus Canal  
  105  10:20  Hydralisk x2  
  105  10:21  Hydralisk x2  
  109  10:27  Spine Crawler  
  112  10:31  Hydralisk  
  112  10:32  Hydralisk x3  
  120  10:39  Hydralisk  
  122  10:43  Hydralisk  
  122  10:44  Hydralisk x8  
  140  10:56  Hatchery  
  137  11:02  Spine Crawler  
  137  11:03  Overseer  
  136  11:05  Spine Crawler  
  135  11:20  Overlord  
  135  11:22  Roach  
  135  11:23  Roach x9  
  156  11:25  Lurker  
  156  11:26  Lurker x4  
  156  11:27  Lurker  
  156  11:32  Overlord  
  161  11:38  Overlord  
  161  12:02  Hatchery  
  100  12:27  Hydralisk x12  
  100  12:28  Hydralisk x14  
  146  12:35  Overlord  
  146  12:38  Hydralisk  
  148  13:00  Nydus Canal  
  148  13:03  Nydus Canal  
  148  13:08  Overlord  
  148  13:37  Infestation Pit  
  148  13:39  Extractor x2  
  146  13:48  Drone x2, Spore Crawler  
  146  13:49  Drone x5  
  146  13:52  Hatchery  
  128  14:03  Hydralisk x10  
  128  14:08  Drone x4  
  128  14:09  Drone  
  153  14:15  Overlord  
  150  14:19  Drone  
  150  14:20  Drone x4  
  150  14:21  Drone  
  150  14:23  Spine Crawler x2  
  151  14:26  Spine Crawler  
  150  14:44  Hydralisk x3  
  150  14:45  Hydralisk  
  157  14:49  Spore Crawler  
  157  14:50  Overlord  
  153  15:09  Overlord  
  153  15:12  Overseer  
  153  15:13  Overseer x2  
  150  15:16  Lurker x2  
  150  15:17  Lurker x4  
  150  15:18  Lurker x2  
  158  15:21  Hatchery  
  158  15:30  Hatchery  
  158  15:31  Hatchery  
  158  15:33  Zergling x2  
  158  15:34  Zergling x6  
  160  15:43  Nydus Canal  
  160  15:50  Spore Crawler  
  155  16:30  Infestor x3  
  157  16:33  Roach x8  
  157  16:34  Roach x8  
  189  16:43  Roach x5  
  169  17:11  Roach  
  169  17:12  Roach x6  
  169  17:13  Roach x3  
  167  17:33  Hydralisk x2  
  167  17:34  Hydralisk x10  
  135  18:03  Roach  
  135  18:04  Roach x6  
  135  18:12  Roach x2  
  133  18:16  Overlord  
  107  19:19  Infestor x3, Hydralisk x9  
  107  19:20  Hydralisk x6  
  133  19:31  Infestor x3  
  103  20:09  Lurker x3  
  103  20:10  Lurker  
  103  20:11  Lurker, Zergling x2  
  103  20:12  Zergling x20  
  119  20:15  Metabolic Boost  
  119  20:28  Extractor x2  
  118  20:34  Hatchery  
  113  21:01  Hydralisk x4  
  113  21:02  Hydralisk  
  117  21:07  Drone  
  117  21:08  Drone x2  
  117  21:13  Spore Crawler  
  117  21:14  Spine Crawler  
  117  21:16  Spine Crawler  
  112  21:20  Extractor  
  112  21:21  Extractor  
Tags
 
Add a new tag
Caveats
  • Supply blocks, unpowered buildings, or Contaminate may cause inaccurate times.
  • Supply counts are checked every 10 seconds.